 Dungeon Crawl Stone Soup version 0.27.1-2-g3b301248ec (webtiles) character file.

Game seed: 7362531393538089553

75 Urokeeper the Chopper (level 4, -2/41 HPs)
             Began as a Hill Orc Monk on Sept 28, 2021.
             Slain by an ogre (8 damage)
             ... on level 4 of the Dungeon.
             The game lasted 00:06:20 (2642 turns).

Urokeeper the Chopper (Hill Orc Monk)               Turns: 2642, Time: 00:06:22

Health: -2/41      AC: 10    Str: 14    XL:     4   Next: 31%
Magic:  4/4        EV: 10    Int: 10    God:
Gold:   120        SH:  0    Dex: 13    Spells: 3/3 levels left

rFire    . . .     SeeInvis .   m - +4 halberd (venom)
rCold    . . .     Faith    .   (shield currently unavailable)
rNeg     . . .     Spirit   .   k - +0 scale mail
rPois    .         Reflect  .   (no helmet)
rElec    .         Harm     .   (no cloak)
rCorr    .         Rampage  .   (no gloves)
Will     .....                  (no boots)
Stlth    ..........             (no amulet)
HPRegen  0.13/turn              h - +4 ring of protection
MPRegen  0.09/turn              (no ring)

@: confused
A: no striking features
a: no special abilities


You were on level 4 of the Dungeon.
You visited 1 branch of the dungeon, and saw 4 of its levels.

You collected 120 gold pieces.

Inventory:

Hand Weapons
 a - a +0 hand axe
 m - a +4 halberd of venom (weapon)
Missiles
 c - 14 poisoned darts (quivered)
Armour
 k - a +0 scale mail (worn)
Jewellery
 h - a +4 ring of protection (left hand)
Scrolls
 d - a scroll of enchant weapon
 e - a scroll of identify {unknown}
 f - a scroll of enchant armour {unknown}
 i - a scroll of magic mapping {unknown}
 l - a scroll of noise {unknown}
Potions
 b - a potion of might {unknown}
 g - a potion of resistance {unknown}
 j - 4 potions of curing {unknown}
 n - a potion of attraction {unknown}


   Skills:
 + Level 4.5 Fighting
 + Level 5.0 Axes
 + Level 0.6(2.6) Polearms
 + Level 0.2 Armour
 + Level 2.8 Dodging
 + Level 1.8 Stealth


You had 3 spell levels left.
You didn't know any spells.
Your spell library contained the following spells:

 Spells                   Type           Power      Damage    Failure   Level
 Foxfire                  Conj/Fire      0%         2x1d4     86%         1
 Conjure Flame            Conj/Fire      0%         6-21      99%         3
 Inner Flame              Hex/Fire       0%         N/A       99%         3


Dungeon Overview and Level Annotations

Branches:
Dungeon (4/15)
 Temple: D:4-7

Altars:

Annotations:
D:4 Sigmund


Message History

No target in view!
Found a smoky green potion.
b - a smoky green potion Done exploring.
Done exploring.
There is an escape hatch in the floor here.
You slide downwards.
The hatch slams shut behind you.
An ogre comes into view. It is wielding a +0 giant club.
The ogre shouts!
Drop what? 14/52 slots (_ for help) (? for menu, Esc to quit)
Okay, then.
Throw: 17 darts (poison)
Press: ? - help, Q - select action Shift-Dir - straight line, f - ogre
Aim: an ogre, wielding a +0 giant club (74% to hit)
You throw a poisoned dart. The poisoned dart hits the ogre.
Throw: 16 darts (poison)
Press: ? - help, Q - select action Shift-Dir - straight line, f/p - ogre
Aim: an ogre, wielding a +0 giant club (74% to hit)
You throw a poisoned dart.
The poisoned dart barely misses the ogre.
Throw: 15 darts (poison)
Press: ? - help, Q - select action Shift-Dir - straight line, f/p - ogre
Aim: an ogre, wielding a +0 giant club (74% to hit)
You throw a poisoned dart. The poisoned dart hits the ogre.
Unknown command.
The ogre closely misses you.
You barely miss the ogre. The ogre hits you but does no damage.
You hit the ogre.
The ogre is poisoned.
The ogre is moderately wounded.
The ogre hits you with a +0 giant club!!
Ouch! That really hurt!
The ogre hits you with a +0 giant club!
* * * LOW HITPOINT WARNING * * *
You open the door.
Sigmund the Dreaded comes into view.
He is wielding a +0 scythe.
Sigmund shouts!
Sigmund gestures at you while chanting.
You are confused.
The ogre hits you with a +0 giant club!
You die...

# #. .#. +# #.# ...
##.# .... ##..# .....
########...####.@^...
....(.......O@'......
####(....####......
#.....# ..... #...###
..>. ##.## ... #.# +#
#.# #.# #.#


You could see Sigmund and an ogre (poisoned).

Vanquished Creatures
  2 adders (D:3)
  2 worms
  A dart slug (D:1)
  7 ball pythons
  7 endoplasms
  2 giant cockroaches
  6 goblins
  2 hobgoblins
  2 jackals (D:3)
  5 kobolds
  A quokka (D:1)
  5 bats
  3 frilled lizards
  2 rats (D:2)
47 creatures vanquished.

Notes
Turn   | Place    | Note
-------+----------+-------------------------------------------
     0 | D:1      | Urokeeper the Hill Orc Monk began the quest for the Orb.
     0 | D:1      | Reached XP level 1. HP: 19/19 MP: 1/1
   446 | D:1      | Reached XP level 2. HP: 25/27 MP: 2/2
  1154 | D:2      | Reached XP level 3. HP: 33/33 MP: 3/3
  1683 | D:2      | Found a faded altar of an unknown god.
  2088 | D:3      | Reached XP level 4. HP: 39/41 MP: 4/4
  2274 | D:3      | Reached skill level 5 in Axes
  2628 | D:4      | Noticed an ogre
  2642 | D:4      | Noticed Sigmund
  2642 | D:4      | Slain by an ogre

Illustrated notes

Levels and vault maps discovered:
D:1:      minmay_arrival_checkered_box, layout_basic, minmay_misc_feat_rows,
          minmay_tree_intersection
D:2:      layout_basic, dilly_ecumenical_altar_fadedgnrine
D:3:      layout_loops_ring, palyth_stone_intersect
D:4:      layout_loops_corners, minmay_temple_entry_glass, serial_glass,
          glass_columns_b, glass_columns_c, glass_columns_b, glass_columns_a,
          uniq_sigmund

Skill      XL: |  1  2  3  4 |
---------------+-------------+-----
Fighting       | 4 |  4.5
Axes           | 5 |  5.0
Polearms       | |  0.6
Armour         | |  0.2
Dodging        | |  2.8
Stealth        | |  1.8

Action                   |  1- 3 |  4- 6 || total
-------------------------+-------+-------++-------
Melee: Hand axe          |   101 |       ||   101
       Halberd           |     9 |    28 ||    37
Throw: Dart              |       |     3 ||     3
  Use: Scroll            |     1 |       ||     1
 Stab: Sleeping          |     3 |       ||     3
Armor: Robe              |    26 |       ||    26
       Scale mail        |    17 |     9 ||    26
Dodge: Dodged            |    87 |     7 ||    94
